 Dungeon Crawl Stone Soup version 0.30.0-19-g36f170ea60 (webtiles) character file.

Game seed: 6302690596128515004

37 Termiter the Grave Robber (level 3, -5/24 HPs)
             Began as a Demonspawn Necromancer on May 26, 2023.
             Engulfed by a cloud of poison gas (7 damage)
             ... on level 2 of the Dungeon.
             The game lasted 00:06:08 (1432 turns).

Termiter the Grave Robber (Demonspawn Necromancer)  Turns: 1432, Time: 00:06:09

Health: -5/24      AC:  3    Str:  5 (8)  XL:     3   Next: 21%
Magic:  3/6        EV: 17    Int: 16 (18) God:
Gold:   76         SH:  0    Dex: 10 (13) Spells: 3/7 levels left

rFire   . . .        c - +0 dagger
rCold   . . .        (no shield)
rNeg    . . .        a - +0 robe
rPois   .            (no helmet)
rElec   .            (no cloak)
rCorr   .            (no gloves)
SInv    .            (no boots)
Will    .....        (no amulet)
Stlth   +            (no ring)
HPRegen 0.24/turn    (no ring)
MPRegen 0.10/turn

%: no passive effects
@: agile, lethally poisoned (-5 -> -25), silenced
A: sharp scales 1
a: no special abilities


You were on level 2 of the Dungeon.
You visited 1 branch of the dungeon, and saw 2 of its levels.

You collected 76 gold pieces.

Inventory:

Hand Weapons
 c - a +0 dagger (weapon)
 h - a +0 hand axe
Armour
 a - a +0 robe (worn)
Magical Staves
 e - a staff of earth
Potions
 b - a potion of magic


   Skills:
 + Level 1.8 Dodging
 + Level 1.9 Stealth
 + Level 2.6 Spellcasting
 + Level 5.1 Necromancy


You had 3 spell levels left.
You knew the following spells:

 Your Spells              Type           Power      Damage    Failure   Level
a - Necrotise             Necr           72%        1d7       2%          1
b - Vampiric Draining     Necr           18%        2d7       7%          3

Your spell library contained the following spells:

 Spells                   Type           Power      Damage    Failure   Level
 Sublimation of Blood     Necr           18%        N/A       3%          2
 Wereblood                Tmut           2%         N/A       30%         2
 Animate Dead             Necr           18%        N/A       24%         4
 Agony                    Necr           18%        N/A       54%         5
 Summon Hydra             Summ           1%         N/A       100%        7


Dungeon Overview and Level Annotations

Branches:
Dungeon (2/15)

Altars:

Shops:
D:1 *

Annotations:
D:2 Crazy Yiuf


Innate Abilities, Weirdness & Mutations

You are partially covered in razor-sharp scales. (AC +1, Slay +1)


Message History

You are starting to lose your buoyancy.
You float gracefully downwards.
A worm is nearby!
Found a hammer.
Found a runed translucent door.
Crazy Yiuf shouts!
Crazy Yiuf waves his quarterstaff at you.
You open the door.
Crazy Yiuf says, "Powder!"
The air fills with toxic fumes!
As you read the scroll labelled YCZAOF JEOKK, it crumbles to dust.
It was a scroll of poison.
Casting: Necrotise (safe; 2% risk of failure)
Confirm with . or Enter, or press ? or * to list all spells.
Aiming: Necrotise (safe; 2% risk of failure)
Press: ? - help, Shift-Dir - straight line, f/p - worm
Aim: a worm (wandering, hasn't noticed you, chance to affect: 83%)
The worm writhes in agony.
Casting: Necrotise (safe; 2% risk of failure)
Confirm with . or Enter, or press ? or * to list all spells.
Aiming: Necrotise (safe; 2% risk of failure)
Press: ? - help, Shift-Dir - straight line, f/p - worm
Aim: a worm (moderately wounded, chance to affect: 83%)
The worm writhes in agony.
You hit the worm.
The worm is moderately wounded.
Crazy Yiuf hits you with a +2 quarterstaff of chaos!
Ouch! That really hurt!
You feel agile all of a sudden.
Really walk into that cloud of poison gas?
Okay, then.
As you read the scroll labelled ROUTIN QOIJYSK, it crumbles to dust.
A profound silence engulfs you.
It was a scroll of silence.
The worm misses you.
Crazy Yiuf hits you with a +2 quarterstaff of chaos!
* * * LOW HITPOINT WARNING * * *
You are lethally poisoned!
Really walk into that cloud of poison gas?
You are engulfed in poison gas.
You are more poisoned.
You die...

#....# #...# #.# ###..## ...
#.# ......### #'# ##.#######
........#### ##.# ##..#.....#
.##........# #g## #.........#
###.<.#..### ##.# ##.##.....#
#...#.##...# #g## ##.##.....#
#w###.###..# ##.## #..##.....#
#.# #.##..## #w§@## ##.####.###
..# #.#..## #.§§§# #.w...#w#
#.# #.#>## #.§§☼# #.....#.#
#.###.#.# ###.§§§####......(#
#..##...####...§§§§..........#
...##.....##...§§§§☼.........#
.............................##
.##...#[..##..................#
.#.....#####....>...........#.#


You could see Crazy Yiuf and a worm.

Vanquished Creatures
  An adder (D:2)
  A worm (D:2)
  2 ball pythons
  A giant cockroach (D:1)
  2 hobgoblins
  3 jackals (D:1)
  A kobold (D:1)
  A quokka (D:1)
  3 bats
  2 frilled lizards (D:1)
  2 goblins
  5 rats
24 creatures vanquished.

Vanquished Creatures (collateral kills)
  A bat (D:2)
  A frilled lizard (D:1)
  A goblin (D:1)
3 creatures vanquished.

Grand Total: 27 creatures vanquished

Notes
Turn   | Place    | Note
-------+----------+-------------------------------------------
     0 | D:1      | Termiter the Demonspawn Necromancer began the quest for the
                  | Orb.
     0 | D:1      | Reached XP level 1. HP: 13/13 MP: 3/3
   150 | D:1      | Found Edett's General Store.
   247 | D:1      | Gained mutation: You are partially covered in razor-sharp
                  | scales. (AC +1, Slay +1) [demonic ancestry]
   247 | D:1      | Reached XP level 2. HP: 16/19 MP: 0/5
   957 | D:2      | Reached skill level 5 in Necromancy
   996 | D:2      | Reached XP level 3. HP: 24/24 MP: 2/6
  1255 | D:2      | Learned a level 3 spell: Vampiric Draining
  1418 | D:2      | Found a runed translucent door.
  1419 | D:2      | Noticed Crazy Yiuf
  1432 | D:2      | Engulfed by a cloud of poison gas

Illustrated notes

Levels and vault maps discovered:
D:1:      nagdon_arrival_zigzag_paths, layout_basic, serial_shops, shop,
          st_stairs_5, nicolae_concentric_dashed_squares_wild,
          serial_park_tiny_1
D:2:      layout_rooms, uniq_crazy_yiuf_cottage

Skill      XL: |  1  2 |
---------------+-------+-----
Necromancy     | 5 |  5.1
Dodging        | |  1.8
Stealth        | |  1.9
Spellcasting   | |  2.6

Action                     || total
---------------------------++-------
  Melee: Dagger            ||    29
   Cast: Necrotise         ||    50
    Use: Potion            ||     4
         Scroll            ||     3
 Armour: Robe              ||    13
  Dodge: Dodged            ||    41
